[Event "*** Titled Tuesday Blitz"]
[Site "Chess.com"]
[Date "2019.08.06"]
[Round "4"]
[White "Zhuu96"]
[Black "Fandorine"]
[Result "1-0"]
[WhiteElo "2948"]
[BlackElo "2881"]
[TimeControl "180+2"]
[EndTime "13:52:44 PDT"]
[Termination "Zhuu96 won by resignation"]

1. e4 e5 2. Nf3 Nc6 3. Bb5 a6 4. Ba4 Nf6 5. d3 d6 6. c3 Bd7 7.
O-O g6 8. Nbd2 Bg7 9. Bc2 O-O 10. Re1 Kh8 11. Nf1 Ng8 12. Ng3 Bg4 13. h3 Bxf3 14.
Qxf3 Bh6 15. Bb3 Bxc1 16. Raxc1 Nh6 17. Bd5 Qe7 18. d4 Nd8 19. Qe3 Ng8 20. f4 exf4 21. Qxf4 Ne6 22. Qf2 c6 23. Bb3 Rae8 24. Rf1 Qh4 25.
Rce1 Ng5 26. Bc2 f6 27. Re3 Qh6 28. Ree1 Qh4 29. Re2 Ne6 30. Qe3 Qg5 31. Qf2 Qh4 32. Qe3 Qg5 33. Qf3 Qh4 34. Nh1 Ng5 35. Qf2 Qxf2+ 36.
Nxf2 d5 37. Rfe1 Nxe4 38. Nxe4 dxe4 39. Rxe4 Rxe4 40. Rxe4 f5 41. Re1 Kg7 42. Bb3 Kf6 43. a4 a5 44. Re5 Nh6 45. Rxa5 Re8 46. Kf2 f4 47. Bc2 Nf7 48. Ra7 Nd6 49. a5 Rb8 50. a6 bxa6 51. b3 Rb6 52. c4 Nf5 53. c5 Rb4 54. Bxf5 Kxf5 55. Rxa6 Ke4 56. Rb6 Rxd4 57. Rxc6 Rd2+ 58. Kf1 Rb2 59. Rb6 Rb1+ 60. Kf2 Rb2+ 61.
Kg1 Rb1+ 62. Kh2 Rb2 63. Rb4+ Kd5 64. Rxf4 Rxb3 65. Rf7 Kxc5 66. Rxh7 Kd5 67. Rg7 Rb6 68. Re7 Kd6 69. Re3 Rb4 70. Rg3 1-0

[Event "*** Titled Tuesday Blitz"]
[Site "Chess.com"]
[Date "2019.08.06"]
[Round "4"]
[White "Pakarma"]
[Black "CookiesAndIceCream"]
[Result "1-0"]
[WhiteElo "2407"]
[BlackElo "2338"]
[TimeControl "180+2"]
[EndTime "13:52:47 PDT"]
[Termination "Pakarma won by resignation"]

1. e4 e6 2. d4 d5 3. Nc3 Nf6 4. Bg5 dxe4 5. Nxe4 Be7 6. Bxf6 gxf6 7. Nf3 f5 8. Ng3 h5 9. h4 c5 10. dxc5 Qxd1+ 11. Rxd1 Bxc5 12. Ne5 a6 13. Be2 Nd7 14. Nxd7 Bxd7 15.
Nxh5 Bc6 16. Nf4 Ke7 17. h5 Bd6 18. Rh4 Bxf4 19. Rxf4 Bxg2 20. Rd3 Be4 21. Rc3 Rag8 22. Rc7+ Kf6 23. Rh4 Rg1+ 24. Kd2 Bd5 25. c4 Bc6 26. b4 e5 27. b5 axb5 28. cxb5 Bd5 29. a4 f4 30. h6 Kg5 31. Rh5+ Kg6 32. Rxe5 Rd8 33. Bd3+ Kxh6 34. Ke2 Kg7 35. Rf5 f3+ 36. Ke3 Re1+ 37. Kf4 Be6 38. Rg5+ Kf6 39. Be4 Rd4 40. Re5 Rh1 41.
Rxb7 Rh4+ 42. Kg3 Rhxe4 43. Rxe4 Rxe4 44. a5 Rb4 45. a6 Bc4 46. a7 Ra4 47. b6 Bd5 48. Rb8 Kg5 49. Rg8+ Kf5 50. Rd8 Ke6 51. Rxd5 Kxd5 52. b7 Rxa7 53. b8=Q Rd7 54. Kxf3 Ke6 55. Ke4 Ke7 56. Ke5 f6+ 57. Kf5 Rd5+ 58. Ke4 Rd7 59. f4 Ke6 60. Qg8+ Kd6 61. Kf5 1-0

[Event "*** Titled Tuesday Blitz"]
[Site "Chess.com"]
[Date "2019.08.06"]
[Round "4"]
[White "SmoothAsAHedgehog"]
[Black "wonderfultime"]
[Result "1-0"]
[WhiteElo "2642"]
[BlackElo "2859"]
[TimeControl "180+2"]
[EndTime "13:52:49 PDT"]
[Termination "SmoothAsAHedgehog won by resignation"]

1. Nf3 Nf6 2. c4 c6 3. g3 d5 4. Bg2 Bg4 5. Ne5 Be6 6. cxd5 Bxd5 7. Nf3 c5 8. Nc3 Bc6 9. O-O e6 10. d3 Be7 11. e4 O-O 12. h3 b5 13. Be3 a6 14. Rc1 Bb7 15. Qe2 Nbd7 16. Rfd1 Rc8 17. a3 e5 18. Nh4 g6 19. f4 Nh5 20. Nf5 exf4 21. gxf4 Re8 22. Nxe7+ Qxe7 23. Bf3 Ng7 24. Qg2 Nf5 25. Bf2 Nh4 26. Bxh4 Qxh4 27. Qg4 Qe7 28. e5 Bxf3 29. Qxf3 f6 30. Nd5 Qe6 31. d4 cxd4 32.
Nc7 Rxc7 33. Rxc7 fxe5 34. Rc6 Qf7 35. Rc7 Qe6 36. Rc6 Qf5 37. Qd5+ Kh8 38. Rf1 Qxh3 39. fxe5 Qg4+ 40. Qg2 Qxg2+ 41. Kxg2 Nxe5 42. Rxa6 Nc4 43. Rf4 d3 44. Rd4 d2 45. Kf2 Rf8+ 46. Ke2 Re8+ 47. Kf2 Re4 48. Rd7 Rf4+ 49. Ke2 Re4+ 50. Kf2 Rf4+ 51.
Ke2 Kg8 52. Ra8+ Rf8 53. Raa7 Re8+ 54. Kf2 Re6 55. Ra8+ 1-0

[Event "*** Titled Tuesday Blitz"]
[Site "Chess.com"]
[Date "2019.08.06"]
[Round "4"]
[White "FairChess_on_YouTube"]
[Black "Durarbayli"]
[Result "1-0"]
[WhiteElo "3034"]
[BlackElo "2798"]
[TimeControl "180+2"]
[EndTime "13:52:52 PDT"]
[Termination "FairChess_on_YouTube won by resignation"]

1. c4 c5 2. Nf3 Nf6 3. g3 b6 4. Bg2 Bb7 5. O-O e6 6. Nc3 Be7 7. Re1 Ne4 8. Nxe4 Bxe4 9. d3 Bb7 10. e4 d6 11. b3 O-O 12. Bb2 e5 13. Nd2 Nc6 14. Nf1 Nd4 15. Ne3 Bg5 16. Nf5 Nxf5 17. exf5 Bxg2 18. Kxg2 g6 19. h4 Bf6 20. Qf3 Qd7 21.
fxg6 fxg6 22. Qd5+ Qf7 23. Re4 Qxd5 24. cxd5 b5 25.
h5 gxh5 26. Rh1 h4 27. gxh4 h5 28. Rh3 Rf7 29. Bc1 Rg7+ 30. Rg3 Kf7 31. Bg5 Bxg5 32.
hxg5 Rag8 33. f4 exf4 34. Rxf4+ Ke7 35. Rf5 Kd7 36. Kh3 Re8 37. Kh4 Re1 38. Kxh5 Rh1+ 39. Kg4 Rh2 40. a3 Rb2 41. Rgf3 Rxb3 42. Rf7+ Rxf7 43.
Rxf7+ Ke8 44. g6 Rxd3 45. Kg5 Rxa3 46. Kf6 a5 47. Re7+ Kd8 48. Ra7 a4 49. g7 Rg3 50.
Ke6 Rg6+ 51. Kf5 Rg1 52. Ra8+ Kc7 53. g8=Q Rxg8 54. Rxg8 b4 55. Ke4 c4 56. Kd4 c3 57.
Rg2 Kb6 58. Kc4 Ka5 59. Rh2 a3 60. Kb3 Kb5 61. Rh4 Kc5 62. Rxb4 a2 63. Ra4 Kxd5 64. Kxc3 1-0

[Event "*** Titled Tuesday Blitz"]
[Site "Chess.com"]
[Date "2019.08.06"]
[Round "4"]
[White "PchelkinVK"]
[Black "IMRosen"]
[Result "0-1"]
[WhiteElo "2527"]
[BlackElo "2620"]
[TimeControl "180+2"]
[EndTime "13:52:54 PDT"]
[Termination "IMRosen won by resignation"]

1. d4 Nf6 2. Nc3 d5 3. Bf4 a6 4.
Nf3 c5 5. e3 Nc6 6. a3 e6 7.
Bd3 cxd4 8. exd4 Bd6 9. Qd2 Qc7 10. Bg3 O-O 11. O-O Nh5 12. Rae1 Nf4 13. Ne2 Ng6 14. h4 e5 15. h5 e4 16. hxg6 hxg6 17. Ng5 exd3 18.
Qxd3 Bf5 19. Qf3 Rad8 20. c3 Rfe8 21. Nf4 Be4 22. Qg4 f6 23. Nxe4 Rxe4 24. Rxe4 dxe4 25. Ne6 Qc8 26. Qh3 Re8 27. d5 Bxg3 28. Qxg3 Ne5 29.
Qe3 Qc4 30. Rd1 Nd3 31. f3 Qxd5 32. fxe4 Qxe6 33. Rxd3 Qxe4 34. Qxe4 Rxe4 35. Rd7 b5 36.
Rd6 Re2 37. Rxa6 Rxb2 38. Rb6 Rb3 39. Kh2 Rxa3 40. Rxb5 Rxc3 41. Rb7 g5 42. Rd7 Kh7 43. Rb7 Kg6 44. Ra7 Rc5 45. Rd7 Re5 46. Ra7 Re8 47. Rb7 Rf8 48. Rb6 Kh5 49. Rb7 Kh6 50. Rb6 Rf7 51. Rc6 Kh5 52. Rd6 Re7 53. Rd8 Rb7 54. Rd6 f5 55. Rd5 Kg4 56. Rc5 Re7 57. Rc4+ f4 58. Ra4 Kf5 59. Ra5+ Re5 60. Ra7 g6 61. Ra4 g4 62. Ra8 Re1 63. Rf8+ Kg5 64. Ra8 g3+ 0-1

[Event "*** Titled Tuesday Blitz"]
[Site "Chess.com"]
[Date "2019.08.06"]
[Round "4"]
[White "ChessyInstinct"]
[Black "FrenchMonster2002"]
[Result "0-1"]
[WhiteElo "2385"]
[BlackElo "2510"]
[TimeControl "180+2"]
[EndTime "13:52:55 PDT"]
[Termination "FrenchMonster2002 won by resignation"]

1. d4 f5 2. Nc3 Nf6 3. Bg5 d5 4. Bxf6 exf6 5. e3 Be6 6. Bd3 Bd6 7. Qf3 Qd7 8. Nge2 Nc6 9. a3 Ne7 10. Nf4 c6 11. h4 O-O-O 12. O-O-O g5 13. Nh5 Rdf8 14.
Qe2 f4 15. Qd2 Bg4 16. Be2 Bxh5 17. Bxh5 g4 18. e4 Rhg8 19. f3 dxe4 20. Nxe4 f5 21.
Nxd6+ Qxd6 22. Rhe1 Nd5 23. Re5 Ne3 24. Re1 Nc4 25.
Qxf4 Nxe5 26. Rxe5 Qd7 27. Qe3 Rg7 28. c3 Rfg8 29.
fxg4 fxg4 30. g3 Rf8 31. Kb1 Rfg8 32. Ka2 a6 33. c4 Kb8 34. d5 cxd5 35. Rxd5 Qc7 36.
Qd4 Re7 37. Bxg4 Rge8 38. Bf3 Rc8 39. Rf5 Qxc4+ 40. Qxc4 Rxc4 41. Rf8+ Ka7 42. g4 Rc2 43. h5 Rf2 44. Rf5 Re3 45. Bd5 Rxf5 46. gxf5 Re2 47. f6 Rf2 48. f7 h6 49. Kb3 Kb6 50. Kc4 Kc7 51. Kd4 Kd6 52. Bc4 b5 53. Bb3 Ke7 54.
Bd5 Rf5 55. Kc5 Rxh5 56. b4 Rxd5+ 57. Kxd5 Kxf7 58. Kc5 h5 59. Kb6 h4 60. Kxa6 h3 61.
Kxb5 h2 62. a4 h1=Q 63. a5 Qb7+ 64. Kc5 Ke7 65. b5 Kd7 66. a6 Qa7+ 67. Kb4 Kc7 68.
Ka4 Kb6 69. Kb4 Qe7+ 0-1

[Event "*** Titled Tuesday Blitz"]
[Site "Chess.com"]
[Date "2019.08.06"]
[Round "4"]
[White "Walter_White_Poland"]
[Black "PotapovaM"]
[Result "1-0"]
[WhiteElo "2338"]
[BlackElo "2468"]
[TimeControl "180+2"]
[EndTime "13:52:55 PDT"]
[Termination "Walter_White_Poland won by resignation"]

1. e4 c5 2. Nf3 d6 3. d4 cxd4 4. Nxd4 Nf6 5. Nc3 a6 6. Bg5 e6 7. f4 h6 8. Bh4 Qb6 9. Qd3 Qxb2 10. Rb1 Qa3 11. f5 Be7 12. fxe6 Bxe6 13. Nxe6 fxe6 14.
Rxb7 Nc6 15. Be2 O-O 16. O-O Rae8 17. Qc4 Nd8 18. Rb3 Qa5 19. Qxa6 Qe5 20. Qd3 Nc6 21. Bg3 Qd4+ 22. Qxd4 Nxd4 23. Rb7 Nxe4 24. Rxf8+ Kxf8 25. Nxe4 Nxe2+ 26. Kf2 Nd4 27. Nxd6 Ra8 28. Rb2 h5 29. c3 Nc6 30. Ne4 e5 31. Rd2 h4 32. Bxh4 Bxh4+ 33. g3 Be7 34. h4 Kf7 35. Kf3 Ke6 36. Kg4 Ra4 37. Kf3 Rc4 38. Rb2 Kd5 39. Rb5+ Ke6 40. g4 Bxh4 41. g5 Ne7 42. Rb6+ Kf7 43. Nd6+ Kf8 44.
Nxc4 Nd5 45. Ra6 Nxc3 46. Nxe5 Bxg5 47. Ra7 Bf6 48. Nd7+ Ke7 49. Nxf6+ Kxf6 50. a4 g5 51. a5 Ke5 52. Rg7 Kd6 53. Rxg5 Kc6 54. Ke3 Kb7 55. Kd4 Na4 56. Kc4 Nb2+ 57. Kb5 Nd3 58. Rg7+ Ka8 59. Kb6 1-0

[Event "*** Titled Tuesday Blitz"]
[Site "Chess.com"]
[Date "2019.08.06"]
[Round "4"]
[White "Muracle"]
[Black "gena217"]
[Result "1/2-1/2"]
[WhiteElo "2642"]
[BlackElo "2917"]
[TimeControl "180+2"]
[EndTime "13:52:57 PDT"]
[Termination "Game drawn by repetition"]

1. Nf3 d5 2. g3 Nd7 3. d4 b5 4.
Bg2 e6 5. O-O Ngf6 6. b3 Bb7 7.
c4 bxc4 8. bxc4 dxc4 9. Qa4 c5 10.
dxc5 Bxc5 11. Rd1 O-O 12. Qxc4 Qb6 13. e3 Rfc8 14. Qb3 Qa6 15. Nc3 Rab8 16. Qa4 Qxa4 17. Nxa4 Bf8 18. Bd2 Rc4 19. Nb2 Rc2 20. Nd3 Be4 21. Be1 Nc5 22. Nde5 Bd5 23. Nd4 Rxa2 24. Rxa2 Bxa2 25. Nec6 Rb6 26. Nxa7 Bd5 27. Bxd5 Nxd5 28. Nac6 Ne4 29. Ra1 g6 30. Kg2 Bd6 31. Ra8+ Kg7 32.
Na5 Rb1 33. Nf3 h5 34. Nc4 Rc1 35. Nxd6 Nxd6 36. Bd2 Rd1 37. h4 Ne4 38. Ba5 Rc1 39. Ra7 Rc2 40. Be1 Nxe3+ 41. Kg1 Ng4 42. Nd4 Rc1 43.
Kf1 Kf6 44. Ke2 Rb1 45. f3 Rb2+ 46. Kd3 Nef2+ 47. Kc3 Nd1+ 48. Kd3 Ne5+ 49. Ke4 Nf2+ 50. Bxf2 Rxf2 51. Ra5 Nc4 52. Ra7 Rb2 53. g4 Nd6+ 54. Kd3 hxg4 55. fxg4 Rh2 56. g5+ Kg7 57. Nxe6+ Kh7 58.
Nd8 Kg8 59. Rd7 Rh3+ 60. Ke2 Nf5 61. Nxf7 Rxh4 62. Nh6+ Nxh6 63. gxh6 Rxh6 64. Kf3 Rh7 65. Rxh7 Kxh7 66. Kg4 Kg7 67. Kg5 Kf7 68. Kg4 Kg7 69. Kg5 Kf7 70. Kg4 Kf6 71. Kf4 g5+ 72. Kg4 Kg6 73.
Kg3 Kf5 74. Kf3 g4+ 75. Kg3 Kg5 76. Kg2 Kf4 77. Kf2 g3+ 78. Kg2 Kg4 79. Kg1 Kf3 80. Kf1 Kf4 81. Kg2 Kg4 82. Kg1 Kf3 83. Kf1 Kf4 84. Kg2 1/2-1/2

[Event "*** Titled Tuesday Blitz"]
[Site "Chess.com"]
[Date "2019.08.06"]
[Round "4"]
[White "Agent-JL"]
[Black "GuerrieroFromLevant"]
[Result "1/2-1/2"]
[WhiteElo "2348"]
[BlackElo "2374"]
[TimeControl "180+2"]
[EndTime "13:52:59 PDT"]
[Termination "Game drawn by agreement"]

1. a3 d5 2. Nf3 c5 3. g3 Nc6 4. Bg2 Nf6 5. d3 e6 6. O-O Be7 7. c3 O-O 8. Qc2 b5 9. b4 c4 10. d4 a5 11. Ra2 Bb7 12. Nbd2 Ra7 13. Re1 Qa8 14. Rb2 axb4 15. axb4 Ra1 16. Rb1 Ra2 17. Rb2 Ra3 18. Rb1 Ra4 19. Bb2 Ne4 20. Ra1 Nxd2 21.
Nxd2 Bxb4 22. Rxa4 Qxa4 23. Qxa4 bxa4 24. cxb4 Nxb4 25.
Ra1 Ra8 26. Bc3 Nc6 27. e3 a3 28. Ra2 Ra6 29. Bf3 Na7 30. Nb1 Nb5 31. Bd1 Rb6 32. Ba5 Ra6 33. Bb4 e5 34. Nc3 Nxd4 35. exd4 exd4 36.
Ne2 d3 37. Nd4 Rb6 38. Bc3 Rb1 39. Ra1 a2 40. Nb5 Rxb5 41. Rxa2 f6 42. Rb2 Rxb2 43.
Bxb2 Kf7 44. f3 Ke6 45. Kf2 g5 46. Ke3 Kf5 47. Kd4 h5 48. Bc3 Ba8 49. g4+ hxg4 50.
fxg4+ Ke6 51. Bf3 Bc6 52. Kc5 d4 53. Kxd4 Bxf3 54. Kxc4 Bxg4 55. Kxd3 Kf5 56. Ke3 Bd1 57.
Kf2 Kg6 58. Bd2 f5 59. Kg3 Kh5 60. Be3 Bg4 61. Bd2 Be2 62. Bc1 Kg6 63. Bd2 Kf6 64.
h4 gxh4+ 65. Kxh4 Ke5 66. Kg5 Ke4 67. Bf4 Bf3 68. Bd6 Bg4 69. Bf4 1/2-1/2

[Event "*** Titled Tuesday Blitz"]
[Site "Chess.com"]
[Date "2019.08.06"]
[Round "4"]
[White "K_A_S_T_O_R"]
[Black "BlackBoarder"]
[Result "1-0"]
[WhiteElo "2788"]
[BlackElo "2659"]
[TimeControl "180+2"]
[EndTime "13:53:03 PDT"]
[Termination "K_A_S_T_O_R won by resignation"]

1. e4 e6 2. d4 d5 3. Nc3 Bb4 4.
e5 Ne7 5. a3 Bxc3+ 6. bxc3 c5 7. Qg4 O-O 8. Bd3 f5 9. Qd1 b6 10. Nf3 Ba6 11. Bxa6 Nxa6 12. Ng5 Qd7 13. h4 h6 14. Nh3 Rac8 15. Nf4 Nb8 16. Rh3 Nbc6 17. Rg3 Kh7 18. Kf1 Nd8 19. Qh5 Qe8 20. Qe2 cxd4 21.
cxd4 Qa4 22. c3 Qc4 23. Rd3 Ng6 24. Nh5 Nxh4 25. Rb1 Nc6 26. Kg1 Rf7 27. Qd1 Ng6 28. Rh3 Kg8 29. Rg3 Nf8 30. Bxh6 g6 31. Nf6+ Rxf6 32.
exf6 Kf7 33. Bxf8 Rxf8 34. Qd2 Rg8 35. Qh6 Kxf6 36. Re1 Ne7 37. Rge3 Qc6 38. Qh4+ Kf7 39. Rxe6 Qxe6 40. Qh7+ Kf6 41. Rxe6+ Kxe6 42. Qh6 Rc8 43. Qe3+ Kd7 44. f3 a6 45. g4 Rc4 46. Kg2 b5 47. Kg3 Ra4 48. Qc1 Rc4 49. Kh4 Rc6 50. Kg5 Re6 51. Qd2 Rc6 52. Qe3 Re6 53. Qd3 Rc6 54. Qc2 Re6 55. a4 Rd6 56. axb5 axb5 57. Qa2 Nc8 58. Qa5 Kc6 59. gxf5 gxf5 60. Kxf5 Nb6 61. Qa6 Rd8 62. Qa7 Rf8+ 63. Kg4 Rg8+ 64. Kf4 Rf8+ 65. Kg3 Rg8+ 66. Kf2 Ra8 67. Qe7 1-0

[Event "*** Titled Tuesday Blitz"]
[Site "Chess.com"]
[Date "2019.08.06"]
[Round "4"]
[White "Olga_Girya"]
[Black "WarlordX"]
[Result "0-1"]
[WhiteElo "2492"]
[BlackElo "2528"]
[TimeControl "180+2"]
[EndTime "13:53:06 PDT"]
[Termination "WarlordX won by resignation"]

1. d4 Nf6 2. c4 g6 3. Nc3 Bg7 4. e4 d6 5. Be2 Nc6 6. Be3 e5 7. Nf3 O-O 8. d5 Ne7 9. Nd2 a6 10. O-O Ne8 11. c5 f5 12. f3 f4 13. Bf2 g5 14. Nc4 Ng6 15. cxd6 Nxd6 16. Nxd6 cxd6 17. Na4 Rf7 18. Nb6 Rb8 19. Rc1 Bd7 20. Nxd7 Rxd7 21.
Qb3 h5 22. Qb6 Qe7 23. h3 Rf8 24. Rc2 Bh6 25. Rfc1 g4 26. hxg4 hxg4 27. fxg4 f3 28. Bxf3 Bxc1 29. Rxc1 Nf4 30. Rc3 Qf7 31. g5 Rdd8 32.
Bg4 Qg6 33. Bf5 Qxg5 34. g4 Ne2+ 35. Kg2 Nxc3 36. bxc3 Qe7 37. Be3 Rf7 38. c4 Qc7 39. Qb4 Rg7 40. Bb6 Qe7 41. Bxd8 Qxd8 42. Qa4 Rc7 43. Qb3 Qg5 44. Be6+ Kf8 45. Qb6 Qe7 46. Qf2+ Kg7 47. Qe2 Qg5 48. Qf2 b5 49. Qb6 Qe7 50. Qxa6 bxc4 51. Qa8 Qf8 52. Qa5 Rc5 53. Qd2 c3 54. Qg5+ Kh7 55. Bf5+ Kh8 56. Qh5+ Kg8 57. Qg6+ Qg7 58. Be6+ Kf8 59. Qf5+ Ke7 60. Bc8 Kd8 61.
Ba6 c2 62. Qe6 Qe7 63. Qg8+ Kc7 64. Qc8+ Kb6 65. Qb8+ Kxa6 66. Qa8+ Qa7 0-1

[Event "*** Titled Tuesday Blitz"]
[Site "Chess.com"]
[Date "2019.08.06"]
[Round "4"]
[White "JussupowFan"]
[Black "tbalabayev"]
[Result "0-1"]
[WhiteElo "2224"]
[BlackElo "2382"]
[TimeControl "180+2"]
[EndTime "13:53:06 PDT"]
[Termination "tbalabayev won on time"]

1. e4 c5 2. Nf3 Nc6 3. d4 cxd4 4. Nxd4 Nf6 5. Nc3 e5 6. Ndb5 d6 7. Bg5 a6 8. Na3 b5 9. Bxf6 gxf6 10. Nd5 f5 11. c3 Bg7 12. exf5 Bxf5 13. Nc2 O-O 14. Nce3 Bg6 15. Bd3 f5 16. O-O e4 17. Bc2 f4 18.
Nxf4 Rxf4 19. Qd5+ Kh8 20. Qxc6 b4 21. cxb4 Rc8 22. Qxa6 d5 23. Nxd5 Rh4 24. Ne3 Rh6 25.
Rfd1 Qf8 26. Qd6 Qe8 27. Qd7 Qf8 28. Bb3 Be5 29. Ng4 Bf5 30. Nxh6 Bxd7 31. Nf7+ Kg7 32. Rxd7 Kf6 33. Nxe5 Kxe5 34. b5 Rc5 35. b6 Rb5 36. b7 Qb8 37. Rad1 Rxb7 38. R1d5+ Kf6 39. R5d6+ Kf5 40.
Rd5+ Kf6 41. R7d6+ Ke7 42. Rh6 Kf8 43. Rf5+ Kg7 44.
Rfh5 Kh8 45. Rg5 Rg7 46. Rxg7 Kxg7 47. Re6 Qb7 48. g3 h5 49. h3 h4 50. g4 Qa8 51.
Re5 Qb7 52. Rh5 Kf6 53. Rh6+ Kg5 54. Rh5+ Kg6 55. Rxh4 Qc7 56. Rh5 Qc1+ 57. Kg2 Qxb2 58. Rf5 e3 59. Bc4 Qc2 60. Bf7+ Kg7 61. Bb3 Qxf5 62.
gxf5 e2 0-1

[Event "*** Titled Tuesday Blitz"]
[Site "Chess.com"]
[Date "2019.08.06"]
[Round "4"]
[White "promen1999"]
[Black "jefferyx"]
[Result "0-1"]
[WhiteElo "2732"]
[BlackElo "2926"]
[TimeControl "180+2"]
[EndTime "13:53:09 PDT"]
[Termination "jefferyx won by resignation"]

1. d4 Nf6 2. c4 g6 3. g3 Bg7 4.
Bg2 c5 5. Nf3 Qa5+ 6. Bd2 Qb6 7.
Bc3 Ne4 8. O-O Nxc3 9. Nxc3 cxd4 10. Nd5 Qd8 11. Nxd4 O-O 12. e3 d6 13. Qb3 Nd7 14.
Qa3 Ne5 15. Rac1 Bd7 16. Rfd1 e6 17. Nf4 Qb6 18. Qb3 Rfd8 19. Bxb7 Qxb3 20. axb3 Rab8 21. Bg2 Ng4 22. Nfe2 Nh6 23. Rd3 Nf5 24. Nxf5 gxf5 25. Nd4 e5 26. Nc6 Bxc6 27. Bxc6 e4 28. Rd5 Be5 29.
Ba4 Kg7 30. Rcd1 Kf6 31. c5 Ke6 32. c6 Rb6 33. Ra5 a6 34. Rc1 Bxb2 35. Rc2 Be5 36.
b4 d5 37. b5 axb5 38. Bxb5 Rc8 39. Ba4 d4 40. exd4 Bxd4 41. Kg2 Rc7 42. Ra8 Kf6 43. Rd8 Be5 44. Rd5 Rb4 45. Bb5 Rd4 46. Rcc5 Rxd5 47.
Rxd5 Ke6 48. Rd8 Ra7 49. Re8+ Kf6 50. f4 Ra2+ 51. Kf1 Bc7 52. h3 Rc2 53. Rc8 Bb6 54. g4 fxg4 55. hxg4 Be3 56. f5 Bf4 57. Re8 e3 58.
Re4 Kg5 59. Be2 Rxc6 60. Kg2 Rh6 61. Bf1 Rh2+ 62. Kg1 Rd2 63. Bh3 Bg3 64. Bf1 Bh2+ 65. Kh1 Bf4 66. Kg1 Kxg4 67. f6 Kf3 0-1

[Event "*** Titled Tuesday Blitz"]
[Site "Chess.com"]
[Date "2019.08.06"]
[Round "4"]
[White "giantslayer83"]
[Black "GHANDEEVAM2003"]
[Result "1-0"]
[WhiteElo "2658"]
[BlackElo "2944"]
[TimeControl "180+2"]
[EndTime "13:53:15 PDT"]
[Termination "giantslayer83 won by resignation"]

1. d4 Nf6 2. c4 e6 3. Nf3 d5 4. Nc3 c6 5. Bg5 Nbd7 6. e3 Qa5 7. Nd2 Bb4 8. Qc2 O-O 9. Be2 c5 10. dxc5 dxc4 11. O-O Qxc5 12. Nde4 Qe5 13. Bf4 Qf5 14.
Nxf6+ Nxf6 15. Qxf5 exf5 16. Bxc4 Bxc3 17. bxc3 Be6 18. Be2 Rac8 19. Be5 Ne4 20. Rfc1 Bc4 21. Bf3 Nc5 22. Bd6 Rfd8 23. Bxc5 Rxc5 24. Bxb7 Rb8 25. Bf3 g5 26. h3 Rb2 27. Rd1 Bxa2 28. Rd7 a5 29. Ra7 Kg7 30. c4 Bxc4 31. R1xa5 Bb5 32. Rb7 f4 33. exf4 gxf4 34. Kh2 Rg5 35. Raa7 Rf5 36. Be4 Rf6 37. Bd3 Rxf2 38. Rxb5 f3 39. Rg5+ Kh6 40.
Raa5 Rd2 41. Rh5+ Kg7 42. Rxh7+ Kf8 43. Ra8+ Ke7 44. Ra7+ Kd6 45. Raxf7 Rxg2+ 46. Kh1 Re6 47. Rxf3 Rd2 48. Bf1 Re1 49. Kg1 Rc1 50. Rh6+ Ke5 51. h4 Ke4 52. Rhf6 Rd5 53. R6f4+ Ke5 54. Rf5+ Ke4 55. Rxd5 Kxf3 56. Rg5 Kf4 57. Rg2 Kf3 58. h5 Rc6 59. Rh2 Rh6 60. Be2+ Kg3 61. Kh1 Rb6 62.
Kg1 Rb1+ 63. Bf1 Rb7 64. h6 Rh7 65. Bd3 Rd7 66. Rh3+ Kg4 67. h7 1-0

[Event "*** Titled Tuesday Blitz"]
[Site "Chess.com"]
[Date "2019.08.06"]
[Round "4"]
[White "HansCoolNiemann"]
[Black "VladDobrov"]
[Result "0-1"]
[WhiteElo "2702"]
[BlackElo "2936"]
[TimeControl "180+2"]
[EndTime "13:53:17 PDT"]
[Termination "VladDobrov won by resignation"]

1. d4 Nf6 2. c4 e6 3. Nc3 Bb4 4. g3 c5 5. Nf3 cxd4 6. Nxd4 Qc7 7. Qb3 Bc5 8. Be3 a6 9. Nc2 b6 10. Bg2 Nc6 11. Bxc5 bxc5 12. Qa3 Nb4 13. Nxb4 cxb4 14.
Nb5 Qc5 15. Qa5 Ra7 16. Rc1 axb5 17. Qxb5 Qxb5 18. cxb5 Ke7 19. b6 Rxa2 20. b7 Bxb7 21.
Bxb7 Rxb2 22. Bf3 Rb8 23. O-O b3 24. Rc3 Ra2 25. Rcc1 b2 26. Rb1 d5 27. Rfd1 Rb4 28.
Kf1 Kd6 29. Ke1 e5 30. Kd2 e4 31. Bg2 d4 32. Kc2 Ke5 33. f4+ Kd5 34. e3 d3+ 35. Rxd3+ Kc5 36. Rd8 Nd5 37. Rc8+ Kd6 38. Rd8+ Kc6 39.
Rc8+ Kb7 40. Rc5 Nxe3+ 41. Kc3 Rba4 42. Bh1 Kb6 43. Rc8 Nd5+ 44. Kc2 Kb7 45. Re8 f5 46. g4 g6 47. gxf5 gxf5 48. Re5 Kc6 49. Rxb2 Rxb2+ 50. Kxb2 Ne3 51. Kc3 Kd6 52. Kb3 Ra1 53. Bxe4 fxe4 54.
Rxe4 Nf5 55. Re5 Ng7 56. Rg5 Ra7 57. Kc4 Ke6 58. Kd4 Kf6 59. Ke4 Re7+ 60. Kf3 h6 61.
Ra5 Nf5 62. Kg4 Ng7 63. Ra6+ Re6 64. Ra5 Rc6 65. h4 h5+ 66. Kf3 Nf5 67. Ra8 Rc3+ 68.
Ke4 Rc4+ 69. Kf3 Nxh4+ 70. Kg3 Nf5+ 71. Kf3 Rc3+ 72. Ke4 Re3+ 73. Kd5 h4 74. Rf8+ Kg6 75. Rg8+ Kf7 76. Rh8 h3 77. Rh7+ Kg6 78. Rh8 Nh6 79.
Kd4 Ra3 80. Ke4 h2 81. f5+ Kh5 0-1

[Event "*** Titled Tuesday Blitz"]
[Site "Chess.com"]
[Date "2019.08.06"]
[Round "4"]
[White "kasparicy"]
[Black "bluejay1897"]
[Result "1-0"]
[WhiteElo "2405"]
[BlackElo "2272"]
[TimeControl "180+2"]
[EndTime "13:53:18 PDT"]
[Termination "kasparicy won by checkmate"]

1. e4 c5 2. Nf3 e6 3. d4 cxd4 4. Nxd4 Nc6 5. f4 Bc5 6. Nb3 Bb6 7. Qf3 Nge7 8. Nc3 O-O 9. Be3 a5 10. Bb5 Na7 11. Bd3 Nac6 12. O-O a4 13. Nc5 a3 14. b3 Nb4 15. Kh1 Nxd3 16. cxd3 d6 17. N5a4 Ba5 18. Rac1 Bd7 19. Ne2 Bxa4 20. bxa4 d5 21.
f5 dxe4 22. dxe4 exf5 23. exf5 Qd5 24. Bc5 Rfe8 25. Qg4 Qd2 26. Nf4 f6 27. Nh5 Qh6 28. Be3 g5 29. fxg6 Qxg6 30. Nxf6+ Kh8 31. Qxg6 Nxg6 32. Nxe8 Rxe8 33. Bd4+ Kg8 34. Bc5 Re2 35. Rf2 Re4 36. Bxa3 Rxa4 37. Rc8+ Kg7 38. Bb2+ Kh6 39. h3 Re4 40. Rf7 Re1+ 41. Kh2 Bb6 42. Bc1+ Be3 43. Bxe3+ Rxe3 44. Rcc7 Ra3 45. Rxh7+ Kg5 46. Rxb7 Rxa2 47. Rb5+ Kf6 48. Rh6 Kg7 49. Rhh5 Nf4 50. Rhg5+ Kh6 51. Rg4 Ne2 52. Rb8 Kh7 53. Rf8 Ra1 54.
Rf2 Nc3 55. Rf5 Kh6 56. Rfg5 Ne2 57. Rg8 Kh7 58. R8g5 Kh6 59. Rg6+ Kh7 60. Re6 Nc3 61. Kg3 Nd5 62. Kh4 Ra7 63. Re5 Nf6 64. Rgg5 Ra4+ 65. g4 Ra3 66. Re6 Nd5 67. Rf5 Ne3 68. Rf7+ Kg8 69.
Rb7 Ng2+ 70. Kg5 Ra5+ 71. Kf6 Nf4 72. Re8# 1-0

[Event "*** Titled Tuesday Blitz"]
[Site "Chess.com"]
[Date "2019.08.06"]
[Round "4"]
[White "FearNoEvil12"]
[Black "warmoatmeal"]
[Result "1-0"]
[WhiteElo "2005"]
[BlackElo "2046"]
[TimeControl "180+2"]
[EndTime "13:53:19 PDT"]
[Termination "FearNoEvil12 won by resignation"]

1. e4 c5 2. Nc3 Nc6 3. f4 e6 4.
Nf3 g6 5. Bc4 Bg7 6. f5 d5 7.
fxg6 dxc4 8. gxf7+ Kxf7 9. O-O Ke8 10. d3 cxd3 11. cxd3 Nge7 12. Ng5 Rf8 13. Be3 h6 14. Qh5+ Kd7 15. Nf7 Qe8 16. Qxc5 Rxf7 17. Nb5 Be5 18. d4 Bb8 19. d5 exd5 20. exd5 Ne5 21. Rxf7 Qxf7 22.
Rc1 Qh5 23. d6 N7c6 24. Nd4 Nf3+ 25. Nxf3 Qxc5 26. Bxc5 b6 27. Ba3 b5 28. Rxc6 Kxc6 29. Ne5+ Kb7 30. d7 Bxd7 31. Nxd7 Bf4 32. Nc5+ Kb6 33.
Nd3 Be3+ 34. Kf1 Bd4 35. b3 a5 36. Ke2 b4 37. Bc1 Re8+ 38. Kd1 Be3 39. Bb2 Rd8 40. Ke2 Bd4 41. Bc1 h5 42. h3 Re8+ 43. Kd1 Bc3 44.
Bf4 Rg8 45. g3 Bd4 46. Ke2 Kb5 47. Kf3 a4 48. g4 hxg4+ 49. hxg4 axb3 50. axb3 Rc8 51.
Bd2 Bc3 52. Be3 Bg7 53. Bd2 Rd8 54. Ke4 Rd4+ 55. Ke3 Rxg4 56. Be1 Bh6+ 57. Ke2 Bf8 58. Kf3 Rd4 59. Ke3 Rd7 60. Nb2 Rc7 61. Nc4 Bh6+ 62. Kd3 Rd7+ 63. Kc2 Rf7 64. Nd6+ Kc6 65. Nxf7 Bf8 66.
Kd3 Kb5 67. Kd4 Bg7+ 68. Kd5 Bc3 69. Nd6+ Kb6 70. Bf2+ Ka5 71. Kc4 Bd2 72. Bc5 Be1 73. Nf5 Bd2 74. Nd4 Bc3 75. Nc2 Bd2 76. Bxb4+ Bxb4 77. Nxb4 Kb6 78. Nd3 Kc6 79. b4 Kd6 80. b5 Kc7 81. Kc5 Kb7 1-0

[Event "*** Titled Tuesday Blitz"]
[Site "Chess.com"]
[Date "2019.08.06"]
[Round "4"]
[White "catalin009"]
[Black "santosalberto1987"]
[Result "1/2-1/2"]
[WhiteElo "2629"]
[BlackElo "2479"]
[TimeControl "180+2"]
[EndTime "13:53:27 PDT"]
[Termination "Game drawn - insufficient material"]

1. Nf3 d5 2. g3 Nf6 3. Bg2 c6 4. O-O Bf5 5. d3 h6 6. c4 e6 7. Qb3 Qb6 8. Be3 Qxb3 9. axb3 a6 10. Nc3 Nbd7 11. Bd4 Be7 12. cxd5 exd5 13. e4 dxe4 14. dxe4 Be6 15. Nd2 O-O 16. h3 Bc5 17. Ne2 Rad8 18. Nc4 Bxd4 19. Nxd4 Nc5 20. Nxe6 Nxe6 21. e5 Nd7 22. f4 Nd4 23. Nd6 Nxb3 24. Nxb7 Rb8 25. Bxc6 Nxa1 26. Rxa1 Rfc8 27. Bd5 Nc5 28. Nd6 Rc7 29. Rc1 Ne6 30. Rxc7 Nxc7 31. Bxf7+ Kf8 32. b3 Nb5 33. Be6 Nxd6 34. exd6 Rb6 35. d7 Ke7 36. f5 g6 37. g4 gxf5 38. gxf5 Rd6 39. Kf2 Rd3 40. Kg2 Kf6 41. h4 Ke5 42. Kf2 Kf6 43.
Ke2 Rd6 44. Ke3 Ke7 45. Kf4 Rd1 46. Kg4 Rg1+ 47. Kh5 Rh1 48. f6+ Kd8 49. f7 Rf1 50.
Kxh6 Ke7 51. Kg7 Rg1+ 52. Kh6 Rf1 53. Kg7 Rg1+ 54. Kh7 Rf1 55. Bc4 Rf2 56. Kg7 Rg2+ 57. Kh7 Rf2 58. h5 Kxd7 59. h6 Ke7 60. Kg7 Rg2+ 61.
Kh7 Kf8 62. Bxa6 Kxf7 63. Bc4+ Kf8 64. b4 Rg4 65. Be6 Rxb4 66. Kg6 Rh4 67. h7 Rh1 68. Bf5 Rg1+ 69. Kf6 Rh1 70. Kg6 Rxh7 71. Kxh7 1/2-1/2